 Dungeon Crawl Stone Soup version 0.29-a0-1043-g569b05d6ff (webtiles) character file.

Game seed: 12216835231109033135

51 nickcage the Poker (level 3, 0/27 HPs)
             Began as a Merfolk Gladiator on Aug 15, 2022.
             Slain by an orc
             ... wielding a +0 dagger
              (1 damage)
             ... on level 2 of the Dungeon.
             The game lasted 00:02:19 (1455 turns).

nickcage the Poker (Merfolk Gladiator)              Turns: 1455, Time: 00:02:20

Health: 0/27       AC:  4    Str: 16    XL:     3   Next: 81%
Magic:  3/3        EV: 13    Int:  7    God:
Gold:   43         SH:  0    Dex: 15    Spells: 2/2 levels left

rFire   . . .      SeeInvis .   a - +0 trident
rCold   . . .      Faith    .   (no shield)
rNeg    . . .      Spirit   .   b - +0 leather armour
rPois   .          Reflect  .   c - +0 helmet
rElec   .          Harm     .   (no cloak)
rCorr   .          Rampage  .   (no gloves)
Will    .....                   (no boots)
Stlth   +.........              (no amulet)
HPRegen 0.09/turn               (no ring)
MPRegen 0.08/turn               (no ring)

@: no status effects
A: (nimble swimmer 2), mertail
a: no special abilities


You were on level 2 of the Dungeon.
You visited 1 branch of the dungeon, and saw 3 of its levels.

You collected 43 gold pieces.

Inventory:

Hand Weapons
 a - a +0 trident (weapon)
Missiles
 d - 3 throwing nets
 e - a javelin
 i - 5 poisoned darts (quivered)
Armour
 b - a +0 leather armour (worn)
 c - a +0 helmet (worn)
Potions
 f - a potion of magic {unknown}
 g - 2 potions of cancellation {unknown}
 h - a potion of heal wounds {unknown}
 j - 3 potions of curing {unknown}


   Skills:
 - Level 2.1 Fighting
 + Level 6.1 Polearms
 - Level 2.0 Throwing
 - Level 4.0 Dodging


You had 2 spell levels left.
You didn't know any spells.
Your spell library contained the following spells:

 Spells                   Type           Power      Damage    Failure   Level
 Portal Projectile        Hex/Tloc       0%         N/A       86%         3
 Tukima's Dance           Hex            0%         N/A       86%         3
 Blade Hands              Tmut           0%         N/A       100%        5


Dungeon Overview and Level Annotations

Branches:
Dungeon (3/15)

Altars:


Innate Abilities, Weirdness & Mutations

((You are very nimble when in or above water. (Stealth+, EV+, Speed+++)))
Your lower body shifts to a powerful aquatic tail in water.


Message History

The orc shouts!
The orc priest calls upon Beogh to heal the orc.
The orc's wounds heal themselves!
The orc hits you from afar with a +0 trident.
The frilled lizard attacks as you move away!
The frilled lizard bites you. The orc hits you with a +0 dagger.
The orc closely misses you. The orc barely misses you.
The orc attacks as you move away! The orc hits you with a +0 dagger.
A rat comes into view.
The orc hits you from afar with a +0 trident!
* * * LOW HITPOINT WARNING * * *
The rat moves out of view.
There is a stone staircase leading up, spattered with blood here.
The orc barely misses you.
The frilled lizard completely misses you.
You climb upwards.
Found a viscous blue potion.
There is a stone staircase leading down here.
You barely miss the frilled lizard. The orc misses you.
The frilled lizard misses you.
You closely miss the frilled lizard. The orc hits you with a +0 dagger.
* * * LOW HITPOINT WARNING * * *
The frilled lizard closely misses you.
You hit the orc.
The orc is moderately wounded.
The orc hits you with a +0 dagger.
* * * LOW HITPOINT WARNING * * *
The frilled lizard barely misses you. The bat hits you but does no damage.
You closely miss the orc.
The orc is moderately wounded.
The bat misses you. The orc barely misses you.
The frilled lizard closely misses you.
You barely miss the frilled lizard. The orc misses you.
The frilled lizard barely misses you. The bat hits you but does no damage.
You hit the orc but do no damage.
The orc is moderately wounded.
The bat completely misses you. The frilled lizard misses you.
The orc hits you with a +0 dagger.
You die...

###.####..#
#.........#
#.........#
#.........#
#.........#
#.........#
#.......l.#
#.....b@o.#
#..!....#.#
#####.### #
#. #


You could see an orc, a bat and a frilled lizard.

Vanquished Creatures
  A dart slug (D:1)
  An orc (D:3)
  7 endoplasms
  3 giant cockroaches (D:1)
  3 goblins (D:1)
  2 hobgoblins (D:1)
  4 jackals (D:1)
  6 kobolds
  4 quokkas (D:1)
  4 ball pythons (D:1)
  2 bats (D:1)
  2 frilled lizards (D:1)
  3 rats (D:1)
42 creatures vanquished.

Vanquished Creatures (others)
  A fungus (D:1)
1 creature vanquished.

Grand Total: 43 creatures vanquished

Notes
Turn   | Place    | Note
-------+----------+-------------------------------------------
     0 | D:1      | nickcage the Merfolk Gladiator began the quest for the Orb.
     0 | D:1      | Reached XP level 1. HP: 16/16 MP: 1/1
   308 | D:1      | Reached XP level 2. HP: 22/22 MP: 2/2
   517 | D:1      | Reached skill level 5 in Polearms
   908 | D:1      | Reached XP level 3. HP: 27/27 MP: 3/3
  1142 | D:1      | Reached skill level 6 in Polearms
  1348 | D:1      | Found a faded altar of an unknown god.
  1378 | D:2      | You fall into a shaft and drop 1 floor!
  1452 | D:2      | HP: 1/27 [orc/+0 dagger (1)]
  1455 | D:2      | Slain by an orc

Illustrated notes

Levels and vault maps discovered:
D:1:      dpeg_arrival_solitude, layout_basic,
          shapermc_ecumenical_altar_mp_urbaneastern, minmay_misc_feat_ornament,
          feat_on_display
D:2:      layout_rooms, uniq_robin
D:3:      minmay_goblin_kobold_castle, layout_basic

Skill      XL: |  1  2  3 |
---------------+----------+-----
Polearms       | 5 6 |  6.1
Fighting       | |  2.1
Throwing       | |  2.0
Dodging        | |  4.0

Action                   || total
-------------------------++-------
Melee: Trident           ||   137
 Stab: Sleeping          ||     2
Armor: Leather armour    ||    28
Dodge: Dodged            ||    76

Table legend: (Time is in decaauts)
 A = Elapsed time spent in this place.
 B = Non-inter-level travel time spent in this place.
 C = Inter-level travel time spent in this place.
 D = Time resting spent in this place.
 E = Time spent auto-exploring this place.
 F = Levels seen in this place.
 G = Mean time per level.
                   A        B        C        D        E       F      G
               +--------+--------+--------+--------+--------+-----+--------+
         Total |   1458 |   1429 |     29 |      0 |   1153 |   3 |  486.0 |
       Dungeon |   1458 |   1429 |     29 |      0 |   1153 |   3 |  486.0 |
               +--------+--------+--------+--------+--------+-----+--------+

Top non-repeatable levels by time:
     D:1: 1382 daAuts
     D:3: 70 daAuts
     D:2: 5 daAuts
